 Dungeon Crawl Stone Soup version 0.30-a0-585-g93115170b9 (webtiles) character file.

Game seed: 776175661490278125

27690 themarg the Martial Artist (level 13, -12/115 (124) HPs)
             Began as a Gnoll Transmuter on Jan 3, 2023.
             Was a Priest of Ashenzari.
             Killed from afar by Josephine (29 damage)
             ... with a ghostly fireball
             ... on level 4 of the Lair of Beasts.
             The game lasted 00:42:03 (16858 turns).

themarg the Martial Artist (Gnoll Transmuter)      Turns: 16858, Time: 00:42:03

HP:   -12/115 (124) AC:  8    Str: 10    XL:     13   Next: 34%
MP:   28/28         EV: 14    Int: 16    God:    Ashenzari [***...]
Gold: 363           SH:  5    Dex: 14    Spells: 26/35 levels left

rFire   x . .      SeeInvis +      - Unarmed
rCold   + + +      Faith    .    (shield currently unavailable)
rNeg    . . .      Spirit   .    (body armour currently unavailable)
rPois   +          Reflect  +    (helmet currently unavailable)
rElec   .          Harm     .    (cloak currently unavailable)
rCorr   .          Rampage  .    (gloves currently unavailable)
Will    +....      Clarity  +    (boots currently unavailable)
Stlth   ++++                     H - amulet of the Cursed Secrets {Reflect SH+5, Melee, Elem} (curse)
HPRegen 0.39/turn                N - ring "Gnostic Bad Feelings" {Will+, Self, Elem} (curse)
MPRegen 0.21/turn                (no ring)

@: lethally poisoned (-12 -> -14), ice-form, wereblooded, slowed, studying Short
Blades, drained, very slow
A: freezing attack, amphibious, boosted hp, large, (fangs 1), strong nose,
distributed training
a: End Transformation, Renounce Religion, Curse Item, Shatter the Chains


You were on level 4 of the Lair of Beasts.
You worshipped Ashenzari.
Ashenzari was most pleased with you.
You were a creature of crystalline ice.
You visited 3 branches of the dungeon, and saw 16 of its levels.

You collected 884 gold pieces.
You spent 521 gold pieces at shops.

Inventory:

Hand Weapons
 c - a +0 short sword
 g - a +5 dagger of pain
 v - the cursed +8 dagger of the Shackled Secrets (melded) {protect, Str+3 Int-2 Dex+7 Stlth+, Melee, Cun}
   (You found it on level 3 of the Dungeon)

   It grants its wielder temporary protection when it strikes (+7 to AC).
   Str:       It affects your strength (+3).
   Int:       It affects your intelligence (-2).
   Dex:       It affects your dexterity (+7).
   Stlth:     It makes you more stealthy.
   It has a curse which improves the following skills: Melee Combat: Short
   Blades, Long Blades, Axes, Maces & Flails, Polearms, Staves and Unarmed
   Combat.
   Cunning:   Dodging and Stealth.
 M - the +7 quarterstaff "Font" {flame, Str+5 Dex+4}
   (You found it on level 9 of the Dungeon)

   It burns those it strikes, dealing additional fire damage.
   Str:       It affects your strength (+5).
   Dex:       It affects your dexterity (+4).
 S - the +9 long sword "Muleghaf" {venom, rElec rF+ Will+}
   (You found it on level 3 of the Lair of Beasts)

   It poisons the flesh of those it strikes.
   rF:        It protects you from fire.
   rElec:     It insulates you from electricity.
   Will:      It increases your willpower.
 T - the +9 flail of the Trees {vamp, rF+ Will++ Dex-5}
   (You found it on level 3 of the Lair of Beasts)

   It occasionally heals its wielder for a portion of the damage dealt when it
   wounds a living foe.
   Dex:       It affects your dexterity (-5).
   rF:        It protects you from fire.
   Will:      It greatly increases your willpower.
Missiles
 h - 118 stones
 l - 8 javelins
 q - 20 poisoned darts
 C - 2 throwing nets
 I - 3 boomerangs
 K - a curare-tipped dart
 R - 2 datura-tipped darts
Armour
 d - a +0 buckler
 e - the cursed +0 troll leather armour "Eternal Together" (melded) {Regen+, Elem, Comp}
   (You found it on level 9 of the Dungeon)

   Regen:     It increases your rate of health regeneration.
   It has a curse which improves the following skills: Elements: Fire Magic, Ice
   Magic, Air Magic and Earth Magic.
   Companions: Summonings and Necromancy.
 A - the cursed +2 helmet "Sublime Oracle" (melded) {Fort, Comp}
   (You found it on level 10 of the Dungeon)

   It has a curse which improves the following skills: Fortitude: Armour and
   Shields.
   Companions: Summonings and Necromancy.
 P - a +0 cloak
Jewellery
 H - the cursed amulet of the Cursed Secrets (around neck) {Reflect SH+5, Melee, Elem}
   (You found it on level 7 of the Dungeon)

   [amulet of reflection]

   It reflects blocked missile attacks.
   SH:        It affects your SH (+5).
   It has a curse which improves the following skills: Melee Combat: Short
   Blades, Long Blades, Axes, Maces & Flails, Polearms, Staves and Unarmed
   Combat.
   Elements:  Fire Magic, Ice Magic, Air Magic and Earth Magic.
 L - an amulet of magic regeneration
 N - the cursed ring "Gnostic Bad Feelings" (left front paw) {Will+, Self, Elem}
   (You found it on level 10 of the Dungeon)

   [ring of willpower]

   Will:      It increases your willpower.
   It has a curse which improves the following skills: Introspection: Fighting
   and Spellcasting.
   Elements:  Fire Magic, Ice Magic, Air Magic and Earth Magic.
 O - a ring of ice
 Q - a ring of flight
Wands
 o - a wand of roots (3)
 D - a wand of charming (7)
 F - a wand of flame (42)
 J - a wand of polymorph (4)
Scrolls
 a - a scroll of summoning
 m - 7 scrolls of teleportation
 n - 3 scrolls of blinking
 p - 6 scrolls of vulnerability
 r - 3 scrolls of magic mapping
 s - a scroll of silence
 t - 3 scrolls of enchant armour
 u - 3 scrolls of fog
 x - 5 scrolls of amnesia
 y - 3 scrolls of fear
 B - 3 scrolls of poison
Potions
 b - 3 potions of lignification
 f - 9 potions of curing
 i - 8 potions of heal wounds
 j - 3 potions of ambrosia
 k - 6 potions of brilliance
 w - 2 potions of flight
 z - 2 potions of resistance
 E - 3 potions of might
 G - 5 potions of haste
 U - a potion of berserk rage


   Skills:
 + Level 8.9(10.6) Fighting
 + Level 10.5(12.1) Short Blades
 + Level 8.5(10.1) Long Blades
 + Level 8.5(10.1) Axes
 + Level 8.5(10.1) Maces & Flails
 + Level 8.5(10.1) Polearms
 + Level 8.5(10.1) Staves
 + Level 8.5 Ranged Weapons
 + Level 8.5 Throwing
 + Level 8.5 Armour
 + Level 9.7 Dodging
 + Level 8.5 Stealth
 + Level 8.5 Shields
 + Level 10.7(12.3) Unarmed Combat
 + Level 9.9(11.5) Spellcasting
 + Level 7.1 Conjurations
 + Level 7.1 Hexes
 + Level 7.1 Summonings
 + Level 7.1 Necromancy
 + Level 7.1 Translocations
 + Level 8.1 Transmutations
 + Level 7.1(9.6) Fire Magic
 + Level 7.1(9.6) Ice Magic
 + Level 7.1(9.6) Air Magic
 + Level 7.1(9.6) Earth Magic
 + Level 7.1 Poison Magic
 + Level 9.3 Invocations
 + Level 8.5 Evocations


You had 26 spell levels left.
You knew the following spells:

 Your Spells              Type           Power      Damage    Failure   Level
b - Wereblood             Tmut           35%        N/A       1%          2
c - Spider Form           Tmut/Pois      33%        N/A       1%          3
d - Ice Form              Ice/Tmut       37%        N/A       1%          4

Your spell library contained the following spells:

 Spells                   Type           Power      Damage    Failure   Level
 Beastly Appendage        Tmut           70%        N/A       1%          1
 Slow                     Hex            100%       N/A       1%          1
 Scorch                   Fire           80%        2d9       1%          2
 Confusing Touch          Hex            31%        N/A       1%          3
 Kindle Blastsparks       Fire/Tloc/Air  74%        2d16      1%          3
 Stone Arrow              Conj/Erth      72%        3d11      1%          3
 Vampiric Draining        Necr           31%        2d8       1%          3
 Animate Armour           Summ/Erth      72%        N/A       2%          4
 Flame Wave               Conj/Fire      36%        2d10      2%          4
 Fulminant Prism          Conj/Hex       15%        3d10      4%          4
 Iskenderun's Mystic Bla  Conj/Tloc      31%        2d8       4%          4
 Lee's Rapid Deconstruct  Erth           20%        3d12*     4%          5
 Summon Cactus Giant      Summ           15%        N/A       54%         6
 Lehudib's Crystal Spear  Conj/Erth      18%        10d5      100%        8


Dungeon Overview and Level Annotations

Branches:
Dungeon (11/15)            Temple (1/1) D:6            Lair (4/5) D:10
 Shoals (0/4) Lair:2        Snake (0/4) Lair:2
  Slime: Lair:4-5       Orc: D:9-12

Altars:
Ashenzari
Cheibriados
Dithmenos
Elyvilon
Fedhas
Gozag
Hepliaklqana
Kikubaaqudgha
Makhleb
Nemelex Xobeh
Okawaru
Qazlal
Ru
Sif Muna
Trog
Uskayaw
Vehumet
Wu Jian
Xom
Yredelemnul
Zin
The Shining One

Shops:
D:6 ?   D:7 (

Annotations:
Lair:4 Josephine


Innate Abilities, Weirdness & Mutations

You are a creature of crystalline ice.
You have a powerful freezing melee attack.
You are amphibious.
Your maximum health is increased.
Your armour is entirely melded.
You are incapable of wielding weapons or throwing items.
((You have very sharp teeth.))
Your uncanny sense of smell can sniff out nearby items.
Your experience applies equally to all skills.


Message History

You feel sick. The wraith closely misses you. Josephine barely misses you.
The wraith misses you. The wraith barely misses you.
The wraith closely misses you. Josephine completely misses you.
You hit Josephine. You freeze Josephine.
Josephine is heavily wounded.
You feel sick. The wraith misses you.
Josephine hits you with a +0 dagger of venom.
You are more poisoned.
The wraith closely misses you.
A wolf comes into view.
You barely miss Josephine.
Josephine is heavily wounded.
You feel sick. The wraith hits you. The wraith drains your vigour!
You feel as though you will be slow longer.
You block Josephine's attack. The wraith closely misses you.
You punch Josephine! You freeze Josephine.
Josephine is severely wounded.
You feel sick. The wraith closely misses you.
Josephine hits you with a +0 dagger of venom!
The wraith closely misses you.
You hit Josephine. You freeze Josephine.
Josephine is severely wounded.
You howl as the wereblood boils in your veins!
You feel sick.
You hear a loud, deep croak!
The wraith closely misses you. The wraith completely misses you.
Josephine draws life force from you!!
* * * LOW HITPOINT WARNING * * *
Josephine is healed by the life force!
A blink frog comes into view.
Blink to where?
Press: ? - help, Dir - move target
As you read the scroll of blinking, it crumbles to dust.
You feel sick.
Josephine gestures at you while chanting.
The ghostly flame explodes!
The ghostly fireball engulfs the fungus!!
The fungus is drained!
The fungus begins to die.
The ghostly fireball engulfs you!!
You feel drained.
You die...

...............#*
####.......
...............P#
##......
...............P#
#.#....
...............##
##...## ..............#
##.#^# .......<......#
#...## ..............##
##..## ..........###
###...## ,
.......YP.#.###......#
,
.............@h.#...##
............W.W......#
,
......##P###....###..#*
* * .##...*### #....#
#..P. * , * ##.. #....#
*....# , #. * **#....#
#..## #. , #....P#
*...* * #.F...#


You could see Josephine, 2 wraiths and a wolf.

Vanquished Creatures
  Gastronok (Lair:3)
  A hydra (Lair:2)
  2 boulder beetles (D:11)
  A two-headed ogre (D:8)
  Nergalle (Lair:1)
  Pikel (D:7)
  2 black mambas (Lair:2)
  4 cane toads
  A rime drake (Lair:3)
  5 komodo dragons
  2 trolls
  4 polar bears
  A merfolk (Lair:2)
  14 blink frogs
  6 dream sheep (Lair:3)
  A shadow (D:10)
  35 yaks
  2 basilisks
  3 wraiths
  3 wyverns
  2 steam dragons (D:7)
  Menkaure (D:7)
  2 acid dragons
  10 water moccasins
  Duvessa (D:4)
  A sky beast (D:6)
  An orc warrior (D:9)
  5 black bears
  4 ice beasts
  2 ogres
  26 wolves
  4 centaurs
  A phantom (D:7)
  3 kobold brigands
  7 bullfrogs
  3 necrophages
  A scorpion (D:6)
  2 gnoll sergeants
  Dowan (D:4)
  11 killer bees
  5 howler monkeys
  4 electric eels
  7 crimson imps (D:10)
  6 hounds
  4 jellies
  5 orc priests
  3 iguanas
  6 orc wizards
  2 centaur simulacra (D:8)
  A killer bee simulacrum (D:8)
  8 adders
  12 gnolls
  A howler monkey simulacrum (D:8)
  4 white imps
  4 ufetubi
  2 worms
  2 dart slugs (D:3)
  20 orcs
  6 bats
  4 endoplasms
  3 giant cockroaches
  A goblin (D:2)
  4 hobgoblins
  3 quokkas
  4 ball pythons
  7 frilled lizards
  12 kobolds
  2 rats
320 creatures vanquished.

Vanquished Creatures (others)
  8 fungi
  24 plants
  3 withered plants (D:1)
35 creatures vanquished.

Grand Total: 355 creatures vanquished

Notes
Turn   | Place    | Note
-------+----------+-------------------------------------------
     0 | D:1      | themarg the Gnoll Transmuter began the quest for the Orb.
     0 | D:1      | Reached XP level 1. HP: 17/17 MP: 6/6
   151 | D:1      | Reached XP level 2. HP: 23/23 MP: 5/7
   154 | D:1      | Learned a level 2 spell: Wereblood
   313 | D:1      | Found a faded altar of an unknown god.
   834 | D:2      | Reached skill level 5 in Spellcasting
   834 | D:2      | Reached XP level 3. HP: 28/28 MP: 6/9
   838 | D:2      | Learned a level 3 spell: Spider Form
  1047 | D:2      | Reached skill level 1 in Invocations
  1340 | D:2      | Reached skill level 1 in Short Blades
  1340 | D:2      | Reached skill level 1 in Long Blades
  1340 | D:2      | Reached skill level 1 in Axes
  1340 | D:2      | Reached skill level 1 in Maces & Flails
  1340 | D:2      | Reached skill level 1 in Polearms
  1340 | D:2      | Reached skill level 1 in Staves
  1340 | D:2      | Reached skill level 1 in Ranged Weapons
  1340 | D:2      | Reached skill level 1 in Throwing
  1340 | D:2      | Reached skill level 1 in Armour
  1340 | D:2      | Reached skill level 1 in Stealth
  1340 | D:2      | Reached skill level 1 in Shields
  1340 | D:2      | Reached skill level 1 in Evocations
  1783 | D:3      | Reached XP level 4. HP: 22/34 MP: 7/11
  1846 | D:3      | Reached skill level 1 in Conjurations
  1846 | D:3      | Reached skill level 1 in Hexes
  1846 | D:3      | Reached skill level 1 in Summonings
  1846 | D:3      | Reached skill level 1 in Necromancy
  1846 | D:3      | Reached skill level 1 in Translocations
  1846 | D:3      | Reached skill level 1 in Fire Magic
  1846 | D:3      | Reached skill level 1 in Ice Magic
  1846 | D:3      | Reached skill level 1 in Air Magic
  1846 | D:3      | Reached skill level 1 in Earth Magic
  1846 | D:3      | Reached skill level 1 in Poison Magic
  2141 | D:3      | Found a glowing golden altar of the Shining One.
  2224 | D:3      | Identified the +8 dagger of Hamnunepp {protect, Str+3 Int-2
                  | Dex+7 Stlth+}
  2718 | D:4      | Noticed Duvessa
  2806 | D:4      | Reached XP level 5. HP: 18/41 MP: 9/12
  2917 | D:4      | Noticed a black bear
  2928 | D:4      | Killed a black bear
  2929 | D:4      | Reached XP level 6. HP: 12/47 MP: 10/13
  3147 | D:4      | Noticed Dowan
  3162 | D:4      | Killed Duvessa
  3163 | D:4      | Reached skill level 5 in Dodging
  3171 | D:4      | Killed Dowan
  3311 | D:4      | Reached XP level 7. HP: 52/52 MP: 11/15
  4133 | D:5      | Entered Level 5 of the Dungeon
  4147 | D:5      | Reached XP level 8. HP: 44/60 MP: 13/16
  5137 | D:6      | Found a staircase to the Ecumenical Temple.
  5152 | Temple   | Entered the Ecumenical Temple
  5200 | Temple   | Became a worshipper of Ashenzari the Shackled
  5387 | D:6      | Found Qip Hiot's Magic Scroll Shoppe.
  5390 | D:6      | Bought a scroll of blinking for 82 gold pieces
  5390 | D:6      | Bought a scroll of identify for 22 gold pieces
  5390 | D:6      | Bought a scroll of teleportation for 33 gold pieces
  5662 | D:6      | Reached skill level 5 in Transmutations
  6246 | D:7      | Found a blossoming altar of Fedhas.
  6327 | D:7      | Noticed Pikel
  6335 | D:7      | Reached XP level 9. HP: 57/67 MP: 13/18
  6360 | D:7      | Killed Pikel
  6361 | D:7      | Reached skill level 5 in Fighting
  6705 | D:7      | Learned a level 4 spell: Ice Form
  6793 | D:7      | Reached skill level 5 in Invocations
  6957 | D:7      | Found Soseryud's Weapon Shop.
  7129 | D:7      | Noticed Menkaure
  7140 | D:7      | Killed Menkaure
  7501 | D:7      | Reached skill level 5 in Short Blades
  7501 | D:7      | Reached skill level 5 in Long Blades
  7501 | D:7      | Reached skill level 5 in Axes
  7501 | D:7      | Reached skill level 5 in Maces & Flails
  7501 | D:7      | Reached skill level 5 in Polearms
  7501 | D:7      | Reached skill level 5 in Staves
  7501 | D:7      | Reached skill level 5 in Ranged Weapons
  7501 | D:7      | Reached skill level 5 in Throwing
  7501 | D:7      | Reached skill level 5 in Armour
  7501 | D:7      | Reached skill level 5 in Stealth
  7501 | D:7      | Reached skill level 5 in Shields
  7501 | D:7      | Reached skill level 5 in Evocations
  7501 | D:7      | Reached XP level 10. HP: 52/76 MP: 17/20
  7532 | D:7      | Identified the cursed +0 robe "Tethered Seeker" {Elem,
                  | Comp}
  8378 | D:8      | Noticed a two-headed ogre
  8397 | D:8      | Killed a two-headed ogre
  9352 | D:6      | Bought a scroll of fear for 44 gold pieces
  9352 | D:6      | Bought 3 scrolls of amnesia for 132 gold pieces
  9538 | D:9      | Identified the +7 quarterstaff "Font" {flame, Str+5 Dex+4}
  9565 | D:9      | Reached * piety under Ashenzari
 10137 | D:9      | Reached skill level 5 in Conjurations
 10137 | D:9      | Reached skill level 5 in Hexes
 10137 | D:9      | Reached skill level 5 in Summonings
 10137 | D:9      | Reached skill level 5 in Necromancy
 10137 | D:9      | Reached skill level 5 in Translocations
 10137 | D:9      | Reached skill level 5 in Fire Magic
 10137 | D:9      | Reached skill level 5 in Ice Magic
 10137 | D:9      | Reached skill level 5 in Air Magic
 10137 | D:9      | Reached skill level 5 in Earth Magic
 10137 | D:9      | Reached skill level 5 in Poison Magic
 10139 | D:9      | Reached XP level 11. HP: 82/83 MP: 13/22
 10392 | D:9      | Reached ** piety under Ashenzari
 10926 | D:10     | Entered Level 10 of the Dungeon
 11210 | D:10     | Found a staircase to the Lair.
 11307 | D:10     | Found a sparkling altar of Nemelex Xobeh.
 11386 | D:10     | Identified the cursed +2 helmet "Sublime Oracle" {Fort,
                  | Comp} (You found it on level 10 of the Dungeon)
 11701 | D:10     | Found an ancient bone altar of Kikubaaqudgha.
 12248 | D:11     | Noticed a boulder beetle
 12270 | D:11     | Killed a boulder beetle
 12458 | D:11     | Reached *** piety under Ashenzari
 12566 | D:11     | Noticed a boulder beetle
 12585 | D:11     | Killed a boulder beetle
 12849 | D:6      | Bought a scroll of fog for 44 gold pieces
 12849 | D:6      | Bought a scroll of magic mapping for 82 gold pieces
 12849 | D:6      | Bought a scroll of enchant armour for 82 gold pieces
 12934 | Lair:1   | Entered Level 1 of the Lair of Beasts
 12941 | Lair:1   | Noticed Nergalle
 12954 | Lair:1   | Killed Nergalle
 13139 | Lair:1   | Reached XP level 12. HP: 95/95 MP: 20/26
 13498 | Lair:1   | Reached skill level 10 in Unarmed Combat
 14376 | Lair:2   | Found a staircase to the Snake Pit.
 14548 | Lair:2   | Noticed a seven-headed hydra
 14557 | Lair:2   | Killed a seven-headed hydra
 14725 | Lair:2   | Found a staircase to the Shoals.
 14912 | Lair:2   | Identified the cursed +0 troll leather armour "Eternal
                  | Together" {Regen+, Elem, Comp} (You found it on level 9 of
                  | the Dungeon)
 15040 | Lair:2   | Reached XP level 13. HP: 90/103 MP: 23/28
 15054 | Lair:2   | Reached skill level 10 in Short Blades
 15552 | Lair:3   | Noticed Gastronok
 15564 | Lair:3   | Killed Gastronok
 16007 | Lair:3   | Identified the +9 long sword "Muleghaf" {venom, rElec rF+
                  | Will+}
 16396 | Lair:3   | Identified the +9 flail of the Trees {vamp, rF+ Will++
                  | Dex-5}
 16831 | Lair:4   | Noticed Josephine
 16858 | Lair:4   | Killed from afar by Josephine

Illustrated notes

Levels and vault maps discovered:
D:1:      lightli_arrival_statue_moat, layout_basic,
          shapermc_ecumenical_altar_flowoftime
D:2:      layout_loops_ring
D:3:      layout_loops_corners, tso_oasis_becter, nrook_mini_backslash,
          hangedman_glass_teeth
D:4:      layout_loops_ring, kennysheep_potato, uniq_duvessa
D:5:      layout_rooms, lexackson_kobold_supper
D:6:      layout_basic, minmay_temple_entry_slanted, serial_shops,
          nicolae_shop_trees
D:7:      minmay_spotlight, layout_loops_ring, fedhas_bush_and_centaur_altar,
          serial_shops, kennysheep_mini, uniq_menkaure, uniq_pikel
D:8:      layout_loops_ring, serial_ice, serial_ice_f, serial_ice_e,
          serial_ice_j, serial_ice_d, serial_ice_m, minmay_manual_mandibuliform
D:9:      layout_basic
D:10:     layout_loops_ring, lemuel_coloured_pillars_altar,
          nemelex_spade_bored_becter, lair_entry_dummy, minmay_nine_imps
D:11:     layout_cave_pools
Temple:   nicolae_temple_two_arcs
Lair:1:   layout_chaotic_city, uniq_nergalle
Lair:2:   layout_regular_city, elwin_shoals_entry_rooms,
          guppyfry_snake_entry_island, serial_bayou_shore_a
Lair:3:   layout_regular_city, grunt_megastairs_4, infiniplex_staircase_pool_2,
          uniq_gastronok
Lair:4:   layout_cave_pods, grunt_megastairs_5, lemuel_fruit_fields,
          uniq_josephine

Skill      XL: |  1  2  3  4  5  6  7  8  9 10 11 12 13 |
---------------+----------------------------------------+-----
Spellcasting   | 5 6 7 8 9 |  9.9
Invocations    | 1 2 3 4 5 6 7 8 9 |  9.3
Short Blades   | 1 2 3 4 5 6 8 9 10 | 10.5
Long Blades    | 1 2 3 4 5 6 7 8 |  8.5
Axes           | 1 2 3 4 5 6 7 8 |  8.5
Maces & Flails | 1 2 3 4 5 6 7 8 |  8.5
Polearms       | 1 2 3 4 5 6 7 8 |  8.5
Staves         | 1 2 3 4 5 6 7 8 |  8.5
Ranged Weapons | 1 2 3 4 5 6 7 8 |  8.5
Throwing       | 1 2 3 4 5 6 7 8 |  8.5
Armour         | 1 2 3 4 5 6 7 8 |  8.5
Stealth        | 1 2 3 4 5 6 7 8 |  8.5
Shields        | 1 2 3 4 5 6 7 8 |  8.5
Evocations     | 1 2 3 4 5 6 7 8 |  8.5
Conjurations   | 1 2 3 4 5 6 7 |  7.1
Hexes          | 1 2 3 4 5 6 7 |  7.1
Summonings     | 1 2 3 4 5 6 7 |  7.1
Necromancy     | 1 2 3 4 5 6 7 |  7.1
Translocations | 1 2 3 4 5 6 7 |  7.1
Fire Magic     | 1 2 3 4 5 6 7 |  7.1
Ice Magic      | 1 2 3 4 5 6 7 |  7.1
Air Magic      | 1 2 3 4 5 6 7 |  7.1
Earth Magic    | 1 2 3 4 5 6 7 |  7.1
Poison Magic   | 1 2 3 4 5 6 7 |  7.1
Fighting       | 3 4 5 6 7 8 |  8.9
Transmutations | 4 5 6 7 8 |  8.1
Dodging        | 5 6 7 8 9 |  9.7
Unarmed Combat | 7 8 9 10 | 10.7

Action                   |  1- 3 |  4- 6 |  7- 9 | 10-12 | 13-15 || total
-------------------------+-------+-------+-------+-------+-------++-------
Melee: Short sword       |    73 |     1 |    16 |       |       ||    90
       Kick              |    20 |       |       |       |       ||    20
       Unarmed           |    14 |    51 |   292 |   519 |   114 ||   990
       Headbutt          |     9 |       |       |       |       ||     9
       Bite              |     7 |       |     4 |     1 |       ||    12
       Punch             |     4 |       |     2 |       |       ||     6
       Dagger            |       |       |       |     9 |       ||     9
 Cast: Beastly Appendage |    27 |     1 |       |       |       ||    28
       Spider Form       |     2 |     9 |    41 |     6 |       ||    58
       Wereblood         |       |       |     5 |    18 |     2 ||    25
       Ice Form          |       |       |     1 |    51 |     9 ||    61
Invok: Curse Item        |       |       |     1 |     5 |       ||     6
       Shatter the Chain |       |       |       |     1 |       ||     1
Evoke: Wand              |       |       |       |     8 |     4 ||    12
  Use: Scroll            |       |     6 |     1 |     2 |     1 ||    10
       Potion            |       |     1 |     1 |     1 |       ||     3
 Stab: Sleeping          |     2 |     1 |     2 |     4 |     1 ||    10
Armor: Robe              |    11 |       |     2 |     3 |       ||    16
       Skin              |       |       |    13 |    84 |    21 ||   118
Dodge: Dodged            |    52 |    38 |   248 |   260 |    73 ||   671
Block: Other             |       |       |    22 |    96 |    26 ||   144
       Reflection        |       |       |     1 |     5 |       ||     6

Table legend: (Time is in decaauts)
 A = Elapsed time spent in this place.
 B = Non-inter-level travel time spent in this place.
 C = Inter-level travel time spent in this place.
 D = Time resting spent in this place.
 E = Time spent auto-exploring this place.
 F = Levels seen in this place.
 G = Mean time per level.
                   A        B        C        D        E       F      G
               +--------+--------+--------+--------+--------+-----+--------+
         Total |  16705 |  15921 |    784 |   1127 |  12270 |  16 | 1044.1 |
       Dungeon |  12773 |  12052 |    721 |    845 |   9411 |  11 | 1161.2 |
        Temple |     56 |     56 |      0 |      0 |      0 |   1 |   56.0 |
          Lair |   3875 |   3812 |     63 |    282 |   2859 |   4 |  968.8 |
               +--------+--------+--------+--------+--------+-----+--------+

Top non-repeatable levels by time:
     D:7: 1808 daAuts
     D:9: 1542 daAuts
  Lair:2: 1370 daAuts
     D:4: 1349 daAuts
     D:6: 1339 daAuts
     D:8: 1263 daAuts
  Lair:1: 1195 daAuts
  Lair:3: 1189 daAuts
     D:3: 1134 daAuts
    D:10: 1074 daAuts
     D:2: 855 daAuts
     D:5: 850 daAuts
    D:11: 780 daAuts
     D:1: 775 daAuts
  Lair:4: 119 daAuts
